 Dungeon Crawl Stone Soup version 0.30-a0-242-g7bf8e6d787 (webtiles) character file.

Game seed: 7561518498577500593

630 gelatine the Skirmisher (level 7, -4/58 HPs)
             Began as a Minotaur Hunter on Oct 11, 2022.
             Slain by Duvessa
             ... wielding a +0 rapier
              (12 damage)
             ... on level 4 of the Dungeon.
             The game lasted 00:06:36 (3516 turns).

gelatine the Skirmisher (Minotaur Hunter)           Turns: 3516, Time: 00:06:37

Health: -4/58      AC:  4    Str: 15 (16) XL:     7   Next: 24%
Magic:  6/6        EV: 12    Int:  5 (6)  God:
Gold:   328        SH:  0    Dex: 13 (15) Spells: 6/6 levels left

rFire   . . .      SeeInvis .    a - +0 shortbow
rCold   . . .      Faith    .    (shield currently unavailable)
rNeg    . . .      Spirit   .    c - +0 leather armour
rPois   .          Reflect  .    (helmet restricted)
rElec   .          Harm     .    (no cloak)
rCorr   .          Rampage  .    (no gloves)
Will    .....                    n - +0 pair of boots
Stlth   +.........               (no amulet)
HPRegen 0.29/turn                (no ring)
MPRegen 0.10/turn                (no ring)

@: brilliant, attractive, hasted, very quick
A: horns 2, retaliatory headbutt
a: no special abilities


You were on level 4 of the Dungeon.
You visited 1 branch of the dungeon, and saw 4 of its levels.

You collected 328 gold pieces.

Inventory:

Hand Weapons
 a - a +0 shortbow (weapon)
Missiles
 v - 3 boomerangs
Armour
 c - a +0 leather armour (worn)
 e - a +0 chain mail
 n - a +0 pair of boots (worn)
Scrolls
 b - a scroll of immolation
 d - a scroll of summoning {unknown}
 h - a scroll of amnesia {unknown}
 i - 3 scrolls of identify {unknown}
 j - a scroll of noise {unknown}
 l - 4 scrolls of magic mapping {unknown}
 o - a scroll of brand weapon {unknown}
 q - a scroll of enchant weapon {unknown}
 r - a scroll of fog {unknown}
 s - 3 scrolls of teleportation {unknown}
 t - a scroll of blinking {unknown}
Potions
 g - a potion of brilliance
 m - a potion of curing
 u - a potion of heal wounds {unknown}


   Skills:
 + Level 3.9 Fighting
 + Level 8.3 Ranged Weapons
 + Level 3.0 Armour
 + Level 3.4 Dodging
 + Level 0.8 Stealth


You had 6 spell levels left.
You didn't know any spells.
Your spell library contained the following spells:

 Spells                   Type           Power      Damage    Failure   Level
 Magic Dart               Conj           0%         1d3       54%         1
 Searing Ray              Conj           0%         2d4       69%         2
 Static Discharge         Conj/Air       0%         2-2/arc   69%         2
 Vhi's Electric Charge    Tloc/Air       0%         N/A       89%         3
 Fulminant Prism          Conj/Hex       0%         3d6       100%        4
 Arcjolt                  Conj/Air       0%         1d10      100%        5
 Lightning Bolt           Conj/Air       0%         1d11      100%        5


Dungeon Overview and Level Annotations

Branches:
Dungeon (4/15)
 Temple: D:4-7

Altars:
Cheibriados
Hepliaklqana
Vehumet

Annotations:
D:4 Duvessa


Innate Abilities, Weirdness & Mutations

You have a pair of horns on your head.
You reflexively headbutt those who attack you in melee.


Message History

The arrow hits Duvessa but does no damage.
You shoot an arrow. The arrow hits Dowan!
Dowan is heavily wounded.
Duvessa hits you with a +0 rapier. Dowan hits you with a +0 dagger.
You shoot an arrow. The arrow hits Dowan.
Dowan is severely wounded.
Duvessa hits you with a +0 rapier. Dowan closely misses you.
You shoot an arrow. The arrow misses Dowan.
Duvessa closely misses you. Dowan closely misses you. You furiously retaliate!
You headbutt Dowan!
You kill Dowan!
Duvessa weeps, and shakes her weapon.
Duvessa goes berserk!
Your Dodging skill increases to level 3!
You shoot an arrow.
The arrow hits Duvessa but does no damage.
Duvessa barely misses you. Duvessa misses you. You furiously retaliate!
You headbutt Duvessa. You shoot an arrow. The arrow hits Duvessa.
Duvessa is lightly wounded.
Duvessa hits you but does no damage. Duvessa hits you with a +0 rapier!
* * * LOW HITPOINT WARNING * * *
You are too injured to fight recklessly!
You are too injured to fight recklessly!
It was a potion of brilliance.
You feel clever all of a sudden. Duvessa closely misses you.
It was a potion of attraction.
You feel attractive to monsters. Duvessa hits you with a +0 rapier!
* * * LOW HITPOINT WARNING * * *
Duvessa closely misses you.
It was a potion of haste.
You feel yourself speed up. Duvessa hits you with a +0 rapier.
* * * LOW HITPOINT WARNING * * *
You feel better. Duvessa barely misses you.
It was a potion of degeneration.
There was something very wrong with that liquid.
You feel weakened.
You feel dopey.
You feel clumsy. Duvessa hits you with a +0 rapier!
You die...

#.#####.....#.#### #..#. #.#
###.....#.######..#.
#.#...................#.
#.#.###.####..#######.#. #.#
#.......#.......#. ###.#
######.##.###..##. #...#.#
#...#.........>...
#.###...#e#.#..##.########
##.# #...)@#.#..##.# #..#
#.#####.#..##.### #.##
#.#...........#.#
#######.####.#.###.#######)###
...........#.#.# #.# #....#
...........#.#.###.# ##.#.#
...........#.#.#...# #.#.#
...........#.#.#.### #.#.#
...........#.#.#.# #.#.#


You could see Duvessa (berserk).

Vanquished Creatures
  Menkaure (D:4)
  An ogre (D:4)
  A necrophage (D:4)
  Dowan (D:4)
  2 hounds (D:4)
  A jelly (D:4)
  An orc priest (D:4)
  An orc wizard (D:4)
  4 adders
  3 gnolls (D:4)
  An ufetubus (D:4)
  5 worms (D:2)
  2 dart slugs
  5 orcs
  5 ball pythons
  6 bats
  11 endoplasms
  6 giant cockroaches
  6 goblins
  9 hobgoblins
  8 kobolds
  A quokka (D:2)
  6 frilled lizards
  4 rats
91 creatures vanquished.

Notes
Turn   | Place    | Note
-------+----------+-------------------------------------------
     0 | D:1      | gelatine the Minotaur Hunter began the quest for the Orb.
     0 | D:1      | Reached XP level 1. HP: 18/18 MP: 0/0
   115 | D:1      | Reached XP level 2. HP: 25/25 MP: 1/1
   118 | D:1      | Reached skill level 5 in Ranged Weapons
   506 | D:1      | Reached XP level 3. HP: 30/30 MP: 2/2
  1133 | D:2      | Reached skill level 6 in Ranged Weapons
  1133 | D:2      | Reached XP level 4. HP: 37/37 MP: 3/3
  1912 | D:3      | Reached skill level 1 in Armour
  2424 | D:3      | Found a faded altar of an unknown god.
  2424 | D:3      | Found a radiant altar of Vehumet.
  2431 | D:3      | Found a snail-covered altar of Cheibriados.
  2433 | D:3      | Found a faded altar of an unknown god.
  2435 | D:3      | Found a hazy altar of Hepliaklqana.
  2616 | D:4      | Noticed Menkaure
  2621 | D:4      | Killed Menkaure
  2622 | D:4      | Reached skill level 7 in Ranged Weapons
  2622 | D:4      | Reached XP level 5. HP: 26/45 MP: 4/4
  2644 | D:4      | Reached XP level 6. HP: 14/51 MP: 5/5
  2979 | D:4      | Reached skill level 8 in Ranged Weapons
  3134 | D:4      | Reached XP level 7. HP: 58/58 MP: 6/6
  3500 | D:4      | Noticed Duvessa
  3500 | D:4      | Noticed Dowan
  3509 | D:4      | Killed Dowan
  3514 | D:4      | HP: 2/58 [Duvessa/+0 rapier (4)]
  3516 | D:4      | Slain by Duvessa

Illustrated notes

Levels and vault maps discovered:
D:1:      minmay_arrival_diagonal_passages, layout_basic
D:2:      layout_loops_ring, minmay_quadrilaterals
D:3:      minmay_diamond_boxcup, layout_basic,
          chequers_temple_overflow_minitemple, corexii_hall_statues_x
D:4:      layout_basic, st_stairs_12, uniq_menkaure, uniq_duvessa

Skill      XL: |  1  2  3  4  5  6  7 |
---------------+----------------------+-----
Ranged Weapons | 5 6 7 8 |  8.3
Armour         | 2 3 |  3.0
Fighting       | 3 |  3.9
Dodging        | 3 |  3.4
Stealth        | |  0.8

Action                   |  1- 3 |  4- 6 |  7- 9 || total
-------------------------+-------+-------+-------++-------
 Fire: Shortbow          |   136 |   117 |    26 ||   279
  Use: Potion            |       |     1 |     5 ||     6
Armor: Leather armour    |     8 |    21 |     1 ||    30
Dodge: Dodged            |    39 |    26 |    11 ||    76

Table legend: (Time is in decaauts)
 A = Elapsed time spent in this place.
 B = Non-inter-level travel time spent in this place.
 C = Inter-level travel time spent in this place.
 D = Time resting spent in this place.
 E = Time spent auto-exploring this place.
 F = Levels seen in this place.
 G = Mean time per level.
                   A        B        C        D        E       F      G
               +--------+--------+--------+--------+--------+-----+--------+
         Total |   3576 |   3514 |     62 |      0 |   2952 |   4 |  894.0 |
       Dungeon |   3576 |   3514 |     62 |      0 |   2952 |   4 |  894.0 |
               +--------+--------+--------+--------+--------+-----+--------+

Top non-repeatable levels by time:
     D:4: 997 daAuts
     D:3: 921 daAuts
     D:2: 883 daAuts
     D:1: 773 daAuts
